 Dungeon Crawl Stone Soup version 0.32-a0-908-g8e5f33bbaa (webtiles) character file.

Game seed: 5666883691439087332

8332 Ijustatesigmund the Destroyer (level 11, -4/81 (83) HPs)
             Began as a Gnoll Conjurer on Apr 4, 2024.
             Was an Initiate of Vehumet.
             Killed from afar by an efreet (11 damage)
             ... with a fireball
             ... on level 1 of the Abyss on Apr 6, 2024.
             The game lasted 00:37:41 (17510 turns).

Ijustatesigmund the Destroyer (Gnoll Conjurer)     Turns: 17510, Time: 00:37:42

HP:   -4/81 (83)    AC: 12    Str:  7    XL:     11   Next: 29%
MP:   0/23          EV: 13    Int: 21    God:    Vehumet [......]
Gold: 509           SH:  5    Dex: 11    Spells: 19/26 levels left

rFire   . . .        A - +3 falchion (holy)
rCold   . . .        y - +0 buckler
rNeg    . . .        a - +1 steam dragon scales
rPois   .            q - +1 hat
rElec   .            C - +1 cloak
rCorr   +            (no gloves)
SInv    .            v - +0 pair of boots
Will    .....        (no amulet)
Stlth   +++          n - ring of resist corrosion
HPRegen 0.00/turn    I - ring of wizardry
MPRegen 0.18/turn

%: wizardry (x1)
@: about to teleport, sick, inhibited regen, lightly drained
A: fangs 1, strong nose, distributed training, inhibited regeneration
a: Renounce Religion


You were on level 1 of the Abyss.
You worshipped Vehumet.
Vehumet was noncommittal.
You visited 2 branches of the dungeon, and saw 12 of its levels.
You visited the Abyss 1 time.

You collected 509 gold pieces.

Inventory:

Hand Weapons
 i - a +2 vampiric spear
 t - a +4 flail
 A - a +3 falchion of holy wrath (weapon)
 B - a +4 quarterstaff of chaos
Armour
 a - +1 steam dragon scales (worn)
 k - a +2 ring mail of willpower
 m - a +0 crystal plate armour
 q - a +1 hat (worn)
 v - a +0 pair of boots (worn)
 y - a +0 buckler (worn)
 C - a +1 cloak (worn)
Jewellery
 n - a ring of resist corrosion (left hand)
 H - a ring of willpower
 I - a ring of wizardry (right hand)
Wands
 s - a wand of iceblast (4)
 E - a wand of flame (35)
 F - a wand of quicksilver (1)
 K - a wand of polymorph (12)
Scrolls
 c - 2 scrolls of amnesia
 d - a scroll of blinking
 e - a scroll of noise {unknown}
 f - a scroll of torment
 h - 2 scrolls of immolation {unknown}
 o - 3 scrolls of teleportation
 u - a scroll of enchant weapon
 w - 4 scrolls of enchant armour
 x - 2 scrolls of silence
 z - 3 scrolls of identify
 G - a scroll of poison {unknown}
 L - a scroll of acquirement {unknown}
Potions
 b - a potion of mutation
 j - a potion of haste
 p - 3 potions of enlightenment
 r - a potion of resistance
 D - a potion of attraction
 J - 4 potions of brilliance


   Skills:
 + Level 6.4 Fighting
 + Level 6.4 Short Blades
 + Level 6.4 Long Blades
 + Level 6.4 Axes
 + Level 6.4 Maces & Flails
 + Level 6.4 Polearms
 + Level 6.4 Staves
 + Level 6.4 Ranged Weapons
 + Level 6.4 Throwing
 + Level 6.4 Armour
 + Level 7.9 Dodging
 + Level 7.7 Stealth
 + Level 6.4 Shields
 + Level 6.4 Unarmed Combat
 + Level 8.2 Spellcasting
 + Level 9.0 Conjurations
 + Level 5.3 Hexes
 + Level 5.3 Summonings
 + Level 5.3 Necromancy
 + Level 5.3 Translocations
 + Level 5.3 Fire Magic
 + Level 5.3 Ice Magic
 + Level 5.3 Air Magic
 + Level 5.3 Earth Magic
 + Level 5.3 Alchemy
 + Level 7.0 Invocations
 + Level 6.4 Evocations
 + Level 5.8 Shapeshifting


You had 19 spell levels left.
You knew the following spells:

 Your Spells              Type           Power      Damage    Failure   Level
a - Magic Dart            Conj           100%       1d8       1%          1
b - Searing Ray           Conj           92%        2d7       1%          2
c - Iskenderun's Mystic Conj/Tloc 38%            2d9        (+2d4     2%          4

Your spell library contained the following spells:

 Spells                   Type           Power      Damage    Failure   Level
 Necrotise                Necr           100%       1d9       1%          1
 Mercury Vapours          Alch/Air       60%        N/A       1%          2
 Dazzling Flash           Conj/Hex       76%        N/A       1%          3
 Mephitic Cloud           Conj/Alch/Air  36%        N/A       1%          3
 Vampiric Draining        Necr           30%        2d8       1%          3
 Fulminant Prism          Conj/Alch      19%        3d10      2%          4
 Cause Fear               Hex            15%        N/A       5%          4
 Martyr's Knell           Necr/Summ      30%        N/A       5%          4
 Fireball                 Conj/Fire      19%        3d9       7%          5
 Freezing Cloud           Conj/Ice/Air   18%        6-21      9%          5
 Curse of Agony           Necr           30%        N/A       14%         5
 Starburst                Conj/Fire      19%        6d7       34%         6
 Maxwell's Capacitive Co  Air            15%        ∞         100%        8
 Dragon's Call            Summ           15%        N/A       100%        9


Dungeon Overview and Level Annotations

Branches:
Dungeon (11/15)            Temple (1/1) D:6            Lair (0/5) D:8
    Orc: D:9-12

Altars:
Ashenzari
Cheibriados
Dithmenos
Elyvilon
Fedhas
Gozag
Hepliaklqana
Kikubaaqudgha
Makhleb
Nemelex Xobeh
Okawaru
Qazlal
Ru
Sif Muna
Trog
Uskayaw
Vehumet
Wu Jian
Xom
Yredelemnul
Zin
The Shining One

Shops:
D:2 :   D:4 :   D:7 [   D:8 :

Annotations:
D:7 1 runed translucent door, Snowmansir's ghost, novice MiHu


Innate Abilities, Weirdness & Mutations

You have very sharp teeth.
Your uncanny sense of smell can sniff out nearby items.
Your experience applies equally to all skills.
You do not regenerate when monsters are visible.


Message History

The efreet gestures at you. The bolt of fire hits you!
* * * LOW HITPOINT WARNING * * *
Unknown command.
Casting: Iskenderun's Mystic Blast (dangerous; 2% risk of failure)
Confirm with . or Enter, or press ? or * to list all spells.
You erupt in a blast of force!
The mystic blast hits the ancient zyme.
The ancient zyme is almost destroyed.
The ancient zyme is knocked back by the mystic blast.
The ancient zyme slams into the rock wall.
The ancient zyme is almost destroyed.
The mystic blast hits the efreet.
The efreet is almost dead.
The efreet is knocked back by the mystic blast.
The neqoxec gestures at you.
Strange energies course through your body.
Your regeneration stops near monsters.
The efreet gestures at you. The bolt of fire misses you.
You feel better.
Casting: Iskenderun's Mystic Blast (dangerous; 2% risk of failure)
Confirm with . or Enter, or press ? or * to list all spells.
You erupt in a blast of force!
The mystic blast hits the ancient zyme.
The ancient zyme is almost destroyed.
The ancient zyme is knocked back by the mystic blast.
The ancient zyme slams into the stone wall.
You destroy the ancient zyme!
Vehumet accepts your kill.
The mystic blast hits the efreet but does no damage.
The efreet is almost dead.
You hear a hideous shriek!
A laughing skull comes into view.
The laughing skull lets out a vicious peal of laugher.
The bolt of negative energy hits the neqoxec.
The neqoxec completely resists.
The bolt of negative energy hits you!
You feel drained.
* * * LOW HITPOINT WARNING * * *
The efreet gestures at you.
The fireball explodes!
The fireball engulfs you!
You die...

# # ### #
. . #...
###. #...
# .#..#..
. .
###.#..#
. # .
##.#.# .
. . #@#.#
. #...R##
##.○... #
#...##...
. . .
#3##.
#.... ☼z.
. .#.# .
#.. # # #
#.# # ..


You could see an efreet, a neqoxec and a laughing skull.

Vanquished Creatures
  A two-headed ogre (D:9)
  An elephant (D:8)
  Joseph (D:7)
  Maggie (D:6)
  A kobold demonologist (Abyss:1)
  Psyche (D:8)
  An ancient zyme (Abyss:1)
  A harpy skeleton (Abyss:1)
  Grinder (D:6)
  A ynoxinul (Abyss:1)
  A wraith (Abyss:1)
  Eustachio (D:4)
  5 yaks
  2 steam dragons
  Menkaure (D:4)
  6 water moccasins
  An ice beast (Abyss:1)
  3 black bears
  A sky beast (D:7)
  4 orc warriors
  An ogre (D:3)
  A phantom (D:6)
  2 centaurs
  A kobold brigand (D:8)
  8 bullfrogs
  4 scorpions
  7 wights
  7 howler monkeys
  3 bombardier beetles
  8 hounds
  2 jellies (D:6)
  Crazy Yiuf (D:6)
  5 orc priests
  An iron imp (Abyss:1)
  A starcursed mass (Abyss:1)
  4 orc wizards
  A sleepcap (D:4)
  2 iguanas
  2 human simulacra (D:8)
  6 adders
  8 gnolls
  2 shadow imps
  3 white imps
  3 ufetubi (D:6)
  3 dart slugs
  6 ribbon worms
  46 orcs
  6 bats
  7 endoplasms
  3 giant cockroaches
  7 goblins
  4 hobgoblins
  5 jackals
  10 kobolds
  2 quokkas
  5 ball pythons
  2 frilled lizards
  10 rats
  A lurking horror (Abyss:1)
235 creatures vanquished.

Notes
Turn   | Place    | Note
-------+----------+-------------------------------------------
     0 | D:1      | Ijustatesigmund the Gnoll Conjurer began the quest for the
                  | Orb.
     0 | D:1      | Reached XP level 1. HP: 13/13 MP: 6/6
   146 | D:1      | Reached XP level 2. HP: 19/19 MP: 4/7
   149 | D:1      | Learned a level 2 spell: Searing Ray
   182 | D:1      | Found a faded altar of an unknown god.
   711 | D:1      | Reached skill level 5 in Spellcasting
   711 | D:1      | Reached XP level 3. HP: 25/25 MP: 3/9
  1051 | D:2      | Reached skill level 1 in Invocations
  1112 | D:2      | Found Adiguj's Book Boutique.
  1267 | D:2      | Reached skill level 1 in Fighting
  1267 | D:2      | Reached skill level 1 in Short Blades
  1267 | D:2      | Reached skill level 1 in Long Blades
  1267 | D:2      | Reached skill level 1 in Axes
  1267 | D:2      | Reached skill level 1 in Maces & Flails
  1267 | D:2      | Reached skill level 1 in Polearms
  1267 | D:2      | Reached skill level 1 in Staves
  1267 | D:2      | Reached skill level 1 in Ranged Weapons
  1267 | D:2      | Reached skill level 1 in Throwing
  1267 | D:2      | Reached skill level 1 in Armour
  1267 | D:2      | Reached skill level 1 in Shields
  1267 | D:2      | Reached skill level 1 in Unarmed Combat
  1267 | D:2      | Reached skill level 1 in Evocations
  1611 | D:2      | Reached skill level 1 in Shapeshifting
  1611 | D:2      | Reached XP level 4. HP: 32/32 MP: 8/11
  1678 | D:2      | Learned a level 4 spell: Iskenderun's Mystic Blast
  2226 | D:3      | Reached skill level 1 in Hexes
  2226 | D:3      | Reached skill level 1 in Summonings
  2226 | D:3      | Reached skill level 1 in Necromancy
  2226 | D:3      | Reached skill level 1 in Translocations
  2226 | D:3      | Reached skill level 1 in Fire Magic
  2226 | D:3      | Reached skill level 1 in Ice Magic
  2226 | D:3      | Reached skill level 1 in Air Magic
  2226 | D:3      | Reached skill level 1 in Earth Magic
  2226 | D:3      | Reached skill level 1 in Alchemy
  2494 | D:3      | Reached XP level 5. HP: 20/37 MP: 7/12
  2767 | D:3      | Noticed an ogre
  2776 | D:3      | Killed an ogre
  2777 | D:3      | Reached skill level 5 in Dodging
  2777 | D:3      | Reached XP level 6. HP: 3/44 MP: 3/14
  2779 | D:3      | HP: 2/44 [frozen (2)]
  3728 | D:3      | Upgraded the game from 0.32-a0-898-g7811c86cf0 to
                  | 0.32-a0-899-geb5ba95c15
  4138 | D:4      | Noticed Eustachio
  4370 | D:4      | Found Teexajaim's Book Shoppe.
  4694 | D:4      | Noticed an orc warrior
  4943 | D:4      | Reached XP level 7. HP: 48/51 MP: 8/15
  4944 | D:4      | Noticed Menkaure
  4951 | D:4      | Killed Menkaure
  4952 | D:4      | Reached skill level 5 in Stealth
  5592 | D:4      | Upgraded the game from 0.32-a0-899-geb5ba95c15 to
                  | 0.32-a0-908-g8e5f33bbaa
  5725 | D:4      | Noticed a moth of wrath
  5780 | D:4      | Found a bloodstained altar of Trog.
  5803 | D:4      | Killed Eustachio
  5804 | D:4      | Reached XP level 8. HP: 42/58 MP: 1/16
  6156 | D:5      | Entered Level 5 of the Dungeon
  6240 | D:5      | Found a hide-covered altar of Uskayaw.
  6241 | D:5      | Noticed a +0 dagger
  6242 | D:5      | Noticed a +0 dagger
  6975 | D:5      | Found an iron altar of Okawaru.
  8087 | D:6      | Found a runed translucent door.
  8088 | D:6      | Noticed Crazy Yiuf
  8093 | D:6      | Killed Crazy Yiuf
  8094 | D:6      | Reached XP level 9. HP: 65/65 MP: 14/18
  9341 | D:6      | Reached skill level 8 in Conjurations
 10475 | D:6      | Reached skill level 5 in Invocations
 10737 | D:6      | Noticed Grinder
 10739 | D:6      | Noticed Maggie
 10759 | D:6      | Killed Maggie
 10769 | D:6      | Killed Grinder
 10938 | D:6      | Found a staircase to the Ecumenical Temple.
 11007 | D:6      | Found a snail-covered altar of Cheibriados.
 11010 | D:6      | Found a shimmering blue altar of Sif Muna.
 11013 | D:6      | Found a glowing golden altar of the Shining One.
 11035 | Temple   | Entered the Ecumenical Temple
 11475 | D:7      | Noticed Joseph
 11487 | D:7      | Reached skill level 5 in Fighting
 11487 | D:7      | Reached skill level 5 in Short Blades
 11487 | D:7      | Reached skill level 5 in Long Blades
 11487 | D:7      | Reached skill level 5 in Axes
 11487 | D:7      | Reached skill level 5 in Maces & Flails
 11487 | D:7      | Reached skill level 5 in Polearms
 11487 | D:7      | Reached skill level 5 in Staves
 11487 | D:7      | Reached skill level 5 in Ranged Weapons
 11487 | D:7      | Reached skill level 5 in Throwing
 11487 | D:7      | Reached skill level 5 in Armour
 11487 | D:7      | Reached skill level 5 in Shields
 11487 | D:7      | Reached skill level 5 in Unarmed Combat
 11487 | D:7      | Reached skill level 5 in Evocations
 11487 | D:7      | Reached XP level 10. HP: 70/74 MP: 17/20
 11498 | D:7      | Killed Joseph
 11983 | D:7      | Found Nuumn's Armour Boutique.
 12130 | D:7      | Found a runed translucent door.
 12130 | D:7      | Noticed Snowmansir's ghost (novice MiHu)
 12385 | D:7      | Found a glowing silver altar of Zin.
 12388 | D:7      | Found a radiant altar of Vehumet.
 12392 | D:7      | Became a worshipper of Vehumet
 12397 | D:7      | Found a blossoming altar of Fedhas.
 12398 | D:7      | Found a sparkling altar of Nemelex Xobeh.
 12399 | D:7      | Found a shadowy altar of Dithmenos.
 13577 | D:8      | Noticed an elephant
 13583 | D:8      | Noticed Psyche
 13587 | D:8      | Reached skill level 5 in Shapeshifting
 13588 | D:8      | Killed Psyche
 13599 | D:8      | Killed an elephant
 14028 | D:8      | Found Vudis's Book Shop.
 14229 | D:8      | Found a staircase to the Lair.
 14456 | D:9      | Noticed a two-headed ogre
 14468 | D:9      | Killed a two-headed ogre
 14697 | D:9      | Reached skill level 5 in Hexes
 14697 | D:9      | Reached skill level 5 in Summonings
 14697 | D:9      | Reached skill level 5 in Necromancy
 14697 | D:9      | Reached skill level 5 in Translocations
 14697 | D:9      | Reached skill level 5 in Fire Magic
 14697 | D:9      | Reached skill level 5 in Ice Magic
 14697 | D:9      | Reached skill level 5 in Air Magic
 14697 | D:9      | Reached skill level 5 in Earth Magic
 14697 | D:9      | Reached skill level 5 in Alchemy
 15246 | D:10     | Entered Level 10 of the Dungeon
 15623 | D:10     | Reached XP level 11. HP: 73/81 MP: 7/22
 15852 | D:10     | Found a burning altar of Makhleb.
 16951 | Abyss:1  | Cast into level 1 of the Abyss (orc)
 16988 | Abyss:1  | Noticed a starcursed mass
 17026 | Abyss:1  | Found a corrupted altar of Lugonu.
 17288 | Abyss:1  | Noticed a red draconian scorcher
 17333 | Abyss:1  | Found a corrupted altar of Lugonu.
 17359 | Abyss:1  | Reached skill level 9 in Conjurations
 17508 | Abyss:1  | Gained mutation: You do not regenerate when monsters are
                  | visible. [a neqoxec]
 17510 | Abyss:1  | Killed from afar by an efreet

Illustrated notes

Levels and vault maps discovered:
D:1:      dpeg_arrival_boxorama, layout_rooms, basic_ecumenical_altar,
          hex_large, chequers_serial_rivers_room_b, grunt_decor_resistance
D:2:      wad_crossroads, layout_loops_ring, serial_shops, shop
D:3:      minmay_spotlight, layout_loops_ring, palyth_stone_intersect,
          minmay_misc_feat_enclosed
D:4:      layout_basic, tgw_trog, serial_shops, shop, uniq_menkaure,
          uniq_eustachio
D:5:      layout_loops_corners, mainiacjoe_overflow_paths,
          dancing_weapons_uskayaw
D:6:      minmay_bubble_buster, layout_rooms, grunt_temple_overflow_diamond,
          minmay_temple_entry_proselytizer, uniq_grinder,
          uniq_crazy_yiuf_cottage, uniq_maggie
D:7:      layout_loops_ring, minitemple, serial_shops,
          nicolae_shop_hallway_plus, gammafunk_ghost_grave, uniq_joseph
D:8:      layout_cave_pools, grunt_lair_entry_orc_guard_hut, serial_shops,
          nicolae_shop_hallway_plus, bh_circular_ruins, uniq_psyche
D:9:      layout_cave_pools
D:10:     layout_small_grid, mainiacjoe_overflow_catwalk, grunt_ministairs_8,
          nicolae_two_hexagons
D:11:     layout_rooms, gammafunk_ghost_arena, enter_trove_1, serial_shops,
          kennysheep_mini_moat, tgw_fedhas, uniq_fannar
Temple:   cyrus_temple_forest
Abyss:1:  base: D:2, serial_sigils_hangedman_gut

Skill      XL: |  1  2  3  4  5  6  7  8  9 10 11 |
---------------+----------------------------------+-----
Spellcasting   | 5 6 7 8 |  8.2
Invocations    | 1 2 3 4 5 6 7 |  7.0
Fighting       | 1 2 3 5 6 |  6.4
Short Blades   | 1 2 3 5 6 |  6.4
Long Blades    | 1 2 3 5 6 |  6.4
Axes           | 1 2 3 5 6 |  6.4
Maces & Flails | 1 2 3 5 6 |  6.4
Polearms       | 1 2 3 5 6 |  6.4
Staves         | 1 2 3 5 6 |  6.4
Ranged Weapons | 1 2 3 5 6 |  6.4
Throwing       | 1 2 3 5 6 |  6.4
Armour         | 1 2 3 5 6 |  6.4
Shields        | 1 2 3 5 6 |  6.4
Unarmed Combat | 1 2 3 5 6 |  6.4
Evocations     | 1 2 3 5 6 |  6.4
Shapeshifting  | 1 2 3 4 5 |  5.8
Hexes          | 1 2 3 4 5 |  5.3
Summonings     | 1 2 3 4 5 |  5.3
Necromancy     | 1 2 3 4 5 |  5.3
Translocations | 1 2 3 4 5 |  5.3
Fire Magic     | 1 2 3 4 5 |  5.3
Ice Magic      | 1 2 3 4 5 |  5.3
Air Magic      | 1 2 3 4 5 |  5.3
Earth Magic    | 1 2 3 4 5 |  5.3
Alchemy        | 1 2 3 4 5 |  5.3
Dodging        | 5 6 7 |  7.9
Stealth        | 5 6 7 |  7.7
Conjurations   | 8 9 |  9.0

Action                     |  1- 3 |  4- 6 |  7- 9 | 10-12 || total
---------------------------+-------+-------+-------+-------++-------
  Melee: Unarmed           |     1 |       |       |       ||     1
         Trident           |    26 |    24 |       |       ||    50
         Bite              |       |     5 |    26 |    58 ||    89
         Spear             |       |    72 |   253 |   378 ||   703
         Falchion          |       |     1 |    17 |    36 ||    54
   Cast: Magic Dart        |    46 |    74 |   109 |    48 ||   277
         Searing Ray       |     6 |     6 |    22 |    19 ||    53
         Iskenderun's Myst |       |     3 |    21 |    42 ||    66
  Evoke: Wand              |       |       |     6 |     9 ||    15
    Use: Scroll            |       |     6 |       |    15 ||    21
         Potion            |       |     4 |     2 |     8 ||    14
   Stab: Sleeping          |     1 |     7 |     6 |     6 ||    20
 Armour: Robe              |    24 |    54 |   150 |       ||   228
         Steam dragon scal |       |       |    35 |   270 ||   305
  Dodge: Dodged            |    31 |    46 |   201 |   232 ||   510
  Block: Buckler           |       |     2 |    64 |    83 ||   149

Table legend: (Time is in decaauts)
 A = Elapsed time spent in this place.
 B = Non-inter-level travel time spent in this place.
 C = Inter-level travel time spent in this place.
 D = Time resting spent in this place.
 E = Time spent auto-exploring this place.
 F = Levels seen in this place.
 G = Mean time per level.
                   A        B        C        D        E       F      G
               +--------+--------+--------+--------+--------+-----+--------+
         Total |  17460 |  17125 |    335 |   8073 |   6701 |  13 | 1343.1 |
       Dungeon |  16806 |  16509 |    297 |   7784 |   6608 |  11 | 1527.8 |
        Temple |    106 |     69 |     37 |      0 |      0 |   1 |  106.0 |
         Abyss |    547 |    547 |      0 |    288 |     93 |   1 |  547.0 |
               +--------+--------+--------+--------+--------+-----+--------+

Top non-repeatable levels by time:
     D:5: 2982 daAuts
     D:6: 2189 daAuts
     D:3: 2019 daAuts
     D:4: 1790 daAuts
     D:8: 1701 daAuts
     D:2: 1440 daAuts
     D:7: 1196 daAuts
     D:9: 1152 daAuts
     D:1: 918 daAuts
    D:10: 878 daAuts
 Abyss:1: 547 daAuts
    D:11: 537 daAuts
  Temple: 106 daAuts
